 Dungeon Crawl Stone Soup version 0.21.1-1-g345015f (webtiles) character file.

37 Iko the Firebug (level 3, -27/24 HPs)
             Began as a Mummy Fire Elementalist on May 30, 2018.
             Killed from afar by a hobgoblin zombie (48 damage)
             ... with an exploding inner flame
             ... hexed by the player character
             ... in an ossuary.
             The game lasted 00:04:38 (366 turns).

Iko the Firebug (Mummy Fire Elementalist)            Turns: 366, Time: 00:04:38

Health: -27/24     AC:  6    Str: 12    XL:     3   Next: 23%
Magic:  4/7        EV: 10    Int: 14    God:
Gold:   49         SH:  0    Dex: 12    Spells: 5/8 levels left

rFire    x . .     SeeInvis .   g - +0 flail
rCold    + . .     Gourm    .   (no shield)
rNeg     + + +     Faith    .   d - +0 ring mail
rPois    ∞         Spirit   .   f - +0 helmet
rElec    .         Reflect  .   (no cloak)
rCorr    .         Harm     .   (no gloves)
MR       .....                  (no boots)
Stlth    +.........             (no amulet)
HPRegen  0.08/turn              (no ring)
MPRegen  0.10/turn              (no ring)

@: no status effects
A: no food or potions, fire vulnerability, cold resistance 1, negative energy
resistance 3, torment resistance, unbreathing
a: no special abilities


You were in an ossuary.
You were not hungry.

You visited 1 branch of the dungeon, and saw 4 of its levels.
You also visited: Ossuary.

You collected 49 gold pieces.

Inventory:

Hand Weapons
 g - a +0 flail (weapon)
Armour
 d - a +0 ring mail (worn)
 f - a +0 helmet (worn)
Scrolls
 c - a scroll of remove curse
 e - a scroll of fog
 h - a scroll of immolation
Books
 b - a book of Flames

   Spells                             Type                      Level
   a - Flame Tongue                   Conjuration/Fire             1
   b - Throw Flame                    Conjuration/Fire             2
   c - Conjure Flame                  Conjuration/Fire             3
   d - Inner Flame                    Hexes/Fire                   3
   e - Sticky Flame                   Conjuration/Fire             4
   f - Fireball                       Conjuration/Fire             5


   Skills:
 + Level 0.1 Armour
 + Level 1.6 Dodging
 + Level 1.8 Stealth
 + Level 3.1 Spellcasting
 + Level 0.9 Conjurations
 + Level 3.1 Fire Magic


You had 5 spell levels left.
You knew the following spells:

 Your Spells              Type           Power        Failure   Level  Hunger
a - Flame Tongue          Conj/Fire      #....        22%         1    N/A
b - Throw Flame           Conj/Fire      #.....       32%         2    N/A

Dungeon Overview and Level Annotations

Branches:
Dungeon (4/15)
 Temple: D:4-7

Altars:
Kikubaaqudgha
Okawaru


Innate Abilities, Weirdness & Mutations

You do not eat or drink.
Your flesh is vulnerable to fire.
You are immune to poison.
Your flesh is cold resistant. (rC+)
You are immune to negative energy. (rN+++)
You are immune to unholy pain and torment.
You can survive without breathing.


Message History

Okay, then.
As you read the scroll of immolation, it crumbles to dust.
The creatures around you are filled with an inner flame!
Casting: Flame Tongue
Confirm with . or Enter, or press ? or * to list all spells.
Aiming: Flame Tongue
Press: ? - help, Shift-Dir - straight line, f - hobgoblin zombie
Aim: a hobgoblin zombie (inner flame)
The flame tongue hits the hobgoblin zombie.
The hobgoblin zombie is severely damaged.
Casting: Flame Tongue
Confirm with . or Enter, or press ? or * to list all spells.
Aiming: Flame Tongue
Press: ? - help, Shift-Dir - straight line, f - hobgoblin zombie, p - hobgoblin zombie
Aim: a hobgoblin zombie (inner flame)
The flame tongue hits the hobgoblin zombie.
The hobgoblin zombie explodes!
The fiery explosion engulfs you! The fire burns you terribly!
Ouch! That really hurt!
You die...

####################
#....§.§..∩∩........
#...Z..@............
#..Z##############..
#.Z. #... #..Z #Z..
#... #...


You could see a hobgoblin zombie (inner flame) and an orc zombie (inner flame).

Vanquished Creatures
  A worker ant (D:4)
  An ooze (D:2)
  2 leopard geckos (D:1)
  A bat (D:3)
  A goblin (D:1)
  A hobgoblin (D:1)
  A frilled lizard (D:1)
  A hobgoblin zombie (Ossuary)
  A rat (D:1)
10 creatures vanquished.

Notes
Turn   | Place    | Note
-------+----------+-------------------------------------------
     0 | D:1      | Iko the Mummy Fire Elementalist began the quest for the Orb.
     0 | D:1      | Reached XP level 1. HP: 13/13 MP: 4/4
   115 | D:1      | Reached XP level 2. HP: 14/19 MP: 2/5
   234 | D:3      | Found an iron altar of Okawaru.
   236 | D:3      | Found an ancient bone altar of Kikubaaqudgha.
   312 | D:4      | Reached XP level 3. HP: 17/24 MP: 4/7
   335 | D:4      | Learned a level 2 spell: Throw Flame
   339 | D:4      | Found a sand-covered staircase.
   348 | Ossuary  | Entered an ossuary
   366 | Ossuary  | Killed from afar by a hobgoblin zombie

Skill      XL: |  1  2 |
---------------+-------+-----
Spellcasting   | 3 |  3.1
Fire Magic     | 3 |  3.1
Armour         | |  0.1
Dodging        | |  1.6
Stealth        | |  1.8
Conjurations   | |  0.9

Action                   || total
-------------------------++-------
Melee: Unarmed           ||     5
       Dagger            ||     9
       Flail             ||     6
 Cast: Flame Tongue      ||    14
  Use: Scroll            ||     5
Armor: Robe              ||     1
       Ring mail         ||    11
Dodge: Dodged            ||    10
